 Dungeon Crawl Stone Soup version 0.20.0-10-g0535bb4 (webtiles) character file.

227 maniacrov the Shield-Bearer (level 5, -4/47 HPs)
             Began as a Minotaur Fighter on June 5, 2017.
             Slain by a gnoll
             ... wielding a +0 halberd
              (8 damage)
             ... on level 3 of the Dungeon.
             The game lasted 00:07:57 (1639 turns).

maniacrov the Shield-Bearer (Minotaur Fighter)      Turns: 1639, Time: 00:07:58

Health: -4/47      AC: 11    Str: 21    XL:     5   Next: 70%
Magic:  4/4        EV:  8    Int:  5    God:
Gold:   66         SH: 11    Dex: 10    Spells: 4/4 levels left

rFire    . . .     SeeInvis .   a - +0 war axe
rCold    . . .     Gourm    .   c - +1 shield
rNeg     . . .     Faith    .   g - +0 plate armour
rPois    .         Spirit   .   (helmet restricted)
rElec    .         Reflect  .   (no cloak)
rCorr    .         Harm     .   (no gloves)
MR       .....                  (no boots)
Stlth    ..........             (no amulet)
Regen    0.2/turn               n - +4 ring of evasion
MPRegen  0.1/turn               (no ring)

@: glowing
A: retaliatory headbutt, horns 2
a: no special abilities


You were on level 3 of the Dungeon.
You were hungry.

You visited 1 branch of the dungeon, and saw 3 of its levels.

You collected 66 gold pieces.

Inventory:

Hand Weapons
 a - a +0 war axe (weapon)
Armour
 c - a +1 shield (worn)
 g - a +0 plate armour (worn)
Jewellery
 m - an uncursed ring of fire
 n - a +4 ring of evasion (left hand)
 p - a cursed ring of protection from fire {unknown}
Scrolls
 e - a scroll of enchant armour
 i - a scroll of identify
 j - 2 scrolls of remove curse
Potions
 b - a potion of mutation {unknown}
 d - 2 potions of might
 q - a potion of flight {unknown}
 r - a potion of lignification {unknown}
Comestibles
 f - 4 bread rations
 h - 2 royal jellies
 k - a meat ration


   Skills:
 + Level 4.6 Fighting
 + Level 5.0 Axes
 + Level 4.2 Armour
 + Level 5.1 Shields


You had 4 spell levels left.
You didn't know any spells.

Dungeon Overview and Level Annotations

Branches:
Dungeon (3/15)

Altars:
Ru


Innate Abilities, Weirdness & Mutations

You reflexively headbutt those who attack you in melee.
You have a pair of horns on your head.


Message History

The gnoll hits you from afar with a halberd.
* * * LOW HITPOINT WARNING * * *
You block the gnoll's attack. x2
You barely miss the gnoll.
The gnoll shouts!
Your headbutt misses the gnoll.
The gnoll is severely wounded.
You hit the gnoll shaman.
The gnoll shaman calls upon its god to heal the gnoll.
The gnoll is healed somewhat.
The gnoll hits you but does no damage. You block the gnoll's attack.
The gnoll hits you.
* * * LOW HITPOINT WARNING * * *
You block the gnoll's attack. The gnoll shaman hits you with a club.
* * * LOW HITPOINT WARNING * * *
You block the gnoll's attack.
You barely miss the gnoll.
The gnoll is moderately wounded.
You closely miss the gnoll shaman. The gnoll hits you but does no damage.
The gnoll hits you from afar with a halberd!
You die... .#g# .# .#....# .# g.≈≈. .# ..≈≈. .# .gg

.# #####g### .# ..'ggg.+ .#
#g...# ## #@g..# #
#############''''#############
#...^........................#
#≈≈≈≈≈≈≈≈≈≈≈≈....≈≈≈≈≈≈≈≈≈≈≈≈#
≈≈≈≈≈≈≈≈≈≈≈≈≈≈≈≈....≈≈≈≈≈≈≈≈≈≈≈≈≈
≈≈≈≈≈≈≈≈≈≈≈≈≈≈≈≈....≈≈≈≈≈≈≈≈†≈≈≈≈
................)†.........).....
###############>.................
......<..#.##...######


You could see 2 gnoll shamans and 6 gnolls.

Vanquished Creatures
  An ogre (D:3)
  A gnoll shaman (D:3)
  2 gnolls (D:3)
  3 adders (D:2)
  An ooze (D:2)
  2 worms (D:2)
  A dart slug (D:1)
  A leopard gecko (D:2)
  2 bats
  A giant cockroach (D:2)
  2 goblins
  7 hobgoblins
  14 jackals (D:3)
  2 frilled lizards
  8 kobolds
  6 rats
  2 fungi (D:2)
  6 plants
62 creatures vanquished.

Notes
Turn   | Place    | Note
-------+----------+-------------------------------------------
     0 | D:1      | maniacrov the Minotaur Fighter began the quest for the Orb.
     0 | D:1      | Reached XP level 1. HP: 19/19 MP: 0/0
   270 | D:1      | Reached XP level 2. HP: 24/27 MP: 1/1
   813 | D:2      | Reached XP level 3. HP: 31/33 MP: 2/2
  1155 | D:2      | Reached XP level 4. HP: 41/41 MP: 3/3
  1317 | D:2      | Found a sacrificial altar of Ru.
  1626 | D:3      | Noticed an ogre
  1631 | D:3      | Reached XP level 5. HP: 35/47 MP: 4/4
  1637 | D:3      | Killed an ogre
  1637 | D:3      | Reached skill level 5 in Axes
  1637 | D:3      | Reached skill level 5 in Shields
  1639 | D:3      | Slain by a gnoll

Skill      XL: |  1  2  3  4  5 |
---------------+----------------+-----
Fighting       | 4 |  4.6
Shields        | 4 5 |  5.1
Axes           | 3 4 5 |  5.0
Armour         | 4 |  4.2

Action                   |  1- 3 |  4- 6 || total
-------------------------+-------+-------++-------
Melee: War axe           |    98 |   107 ||   205
       Headbutt          |    11 |    32 ||    43
  Use: Scroll            |     3 |     4 ||     7
  Eat: Royal jelly       |       |     1 ||     1
Armor: Plate armour      |    64 |    41 ||   105
       Scale mail        |     1 |       ||     1
Dodge: Dodged            |    31 |    24 ||    55
Block: Shield            |    53 |    40 ||    93
